 Dungeon Crawl Stone Soup version 0.20-a0-709-gd40821f (webtiles) character file.

2718 graki42 the Thaumaturge (level 9, -12/48 HPs)
             Began as a Deep Elf Fire Elementalist on Feb 21, 2017.
             Was an Initiate of Vehumet.
             Mangled by Graouh's ghost (22 damage)
             ... on level 7 of the Dungeon.
             The game lasted 00:26:06 (7268 turns).

graki42 the Thaumaturge (DEFE)                      Turns: 7268, Time: 00:26:07

Health: -12/48     AC:  5    Str:  8    XL:     9   Next: 39%
Magic:  11/24      EV: 14    Int: 21    God:    Vehumet [......]
Gold:   369        SH:  0    Dex: 15    Spells: 11/27 levels left

rFire    . . .     SeeInvis .   h - +2 dagger (freeze)
rCold    . . .     Gourm    .   l - +2 robe {MR+}
rNeg     . . .     Faith    .   (no shield)
rPois    .         Spirit   .   p - +0 helmet
rElec    .         Reflect  .   (no cloak)
rCorr    .         Harm     .   (no gloves)
MR       +....                  (no boots)
Stlth    +++.......             (no amulet)
Regen    0.2/turn               (no ring)
MPRegen  0.2/turn               (no ring)

@: no status effects
A: no striking features
a: Renounce Religion


You were on level 7 of the Dungeon.
You worshipped Vehumet.
Vehumet was noncommittal.
You were not hungry.

You visited 2 branches of the dungeon, and saw 8 of its levels.

You collected 369 gold pieces.

Inventory:

Hand Weapons
 h - a +2 dagger of freezing (weapon)
Armour
 l - a +2 robe of magic resistance (worn)
 p - a +0 helmet (worn)
Jewellery
 w - an uncursed ring of flight {unknown}
 y - a cursed -3 ring of intelligence {unknown}
Wands
 m - a wand of digging (16/24)
 v - a wand of digging (11/24)
Scrolls
 a - 2 scrolls of identify
 d - 3 scrolls of fog {unknown}
 e - 2 scrolls of enchant armour {unknown}
 i - 2 scrolls of magic mapping {unknown}
 j - 5 scrolls of remove curse
 k - 2 scrolls of recharging {unknown}
 t - 2 scrolls of random uselessness {unknown}
 x - a scroll of fear {unknown}
 A - a scroll of noise {unknown}
 B - a scroll of blinking {unknown}
 C - a scroll of amnesia {unknown}
 D - a scroll of teleportation {unknown}
Potions
 b - 2 potions of magic {unknown}
 g - 5 potions of might {unknown}
 n - a potion of lignification {unknown}
 o - 2 potions of haste
 r - a potion of flight
 u - a potion of agility {unknown}
 F - a potion of berserk rage {unknown}
Comestibles
 c - 3 bread rations
 f - 17 fruits
 q - 4 meat rations
 z - 2 royal jellies
 E - 4 chunks of flesh


   Skills:
 + Level 1.7 Fighting
 + Level 3.5 Short Blades
 + Level 4.4 Dodging
 + Level 4.9 Stealth
 + Level 9.5 Spellcasting
 + Level 6.5 Conjurations
 + Level 1.1 Hexes
 + Level 7.7 Fire Magic


You had 11 spell levels left.
You knew the following spells:

 Your Spells              Type           Power        Failure   Level  Hunger
a - Flame Tongue          Conj/Fire      #####        1%          1    None
b - Conjure Flame         Conj/Fire      #####...     1%          3    None
c - Inner Flame           Hex/Fire       ####....     3%          3    None
d - Sticky Flame          Conj/Fire      #####...     3%          4    ##.....
e - Fireball              Conj/Fire      #####.....   12%         5    ####...


Dungeon Overview and Level Annotations

Branches:
Dungeon (7/15)             Temple (1/1) D:6

Altars:
Ashenzari
Fedhas
Gozag
Makhleb
Nemelex Xobeh
Okawaru
Ru
Sif Muna
Vehumet

Annotations:
D:7 Graouh's ghost, novice MiFi


Message History

* * * LOW HITPOINT WARNING * * *
Casting: Flame Tongue
Confirm with . or Enter, or press ? or * to list all spells.
Aiming: Flame Tongue
Press: ? - help, Shift-Dir - straight line, f/p - Graouh's ghost
Aim: Graouh's ghost (flame, almost destroyed)
The flame tongue hits Graouh's ghost.
Graouh's ghost is almost destroyed.
Graouh's ghost hits you.
* * * LOW HITPOINT WARNING * * *
Casting: Flame Tongue
Confirm with . or Enter, or press ? or * to list all spells.
Aiming: Flame Tongue
Press: ? - help, Shift-Dir - straight line, f/p - Graouh's ghost
Aim: Graouh's ghost (flame, almost destroyed)
The flame tongue hits Graouh's ghost.
Graouh's ghost is almost destroyed.
Graouh's ghost is engulfed in blazing flames.
Graouh's ghost hits you!!
You die...

.# ##......##.#
.# ##..#.....##
.# ##.........#
.####.#..W....#.#
.#....##.....##
..##...#...###
######...W.# #
##...## ### ##
#....## ##@# .#
##.##..###W##
.#####.####..#.##
....#..# ###.##
.##...## ###
.####.##
.####..## ###
........####.#
##....##...<##


You could see Graouh's ghost.

Vanquished Creatures
  Grinder (D:5)
  A hippogriff (D:7)
  Eustachio (D:5)
  Menkaure (D:5)
  A sky beast (D:6)
  2 ogres (D:7)
  A centaur (D:6)
  Blork the orc (D:4)
  A wyvern skeleton (D:6)
  3 scorpions
  2 water moccasin skeletons
  6 killer bees (D:7)
  7 wights (D:5)
  2 howler monkeys
  A crimson imp (D:5)
  2 jellies
  A centaur skeleton (D:5)
  3 hounds
  2 orc priests
  2 orc wizards
  2 iguanas
  2 worker ants
  2 hound zombies (D:7)
  Robin (D:3)
  7 gnolls
  7 adders
  3 oozes
  An adder zombie (D:6)
  An adder skeleton (D:7)
  2 worms
  A dart slug (D:1)
  6 leopard geckos
  9 orcs
  5 ball pythons
  10 bats
  3 giant cockroaches
  13 goblins
  8 hobgoblins
  4 jackals
  6 quokkas
  10 frilled lizards
  7 kobolds
  2 leopard gecko skeletons (D:4)
  2 quokka skeletons (D:4)
  8 rats
163 creatures vanquished.

Notes
Turn   | Place    | Note
-------+----------+-------------------------------------------
     0 | D:1      | graki42 the Deep Elf Fire Elementalist began the quest for the Orb.
     0 | D:1      | Reached XP level 1. HP: 10/10 MP: 6/6
   104 | D:1      | Reached XP level 2. HP: 13/15 MP: 0/8
   391 | D:1      | Reached XP level 3. HP: 13/19 MP: 1/10
   777 | D:1      | Reached skill level 4 in Spellcasting
  1010 | D:2      | Found a burning altar of Makhleb.
  1013 | D:2      | Reached XP level 4. HP: 24/24 MP: 7/12
  1184 | D:2      | Learned a level 3 spell: Conjure Flame
  1188 | D:2      | Learned a level 3 spell: Inner Flame
  1193 | D:2      | Learned a level 4 spell: Sticky Flame
  1619 | D:3      | Reached XP level 5. HP: 28/28 MP: 4/14
  1778 | D:3      | Noticed Robin
  1781 | D:3      | Killed Robin
  2085 | D:3      | Found a blossoming altar of Fedhas.
  2150 | D:3      | Found an iron altar of Okawaru.
  2208 | D:3      | Reached skill level 5 in Spellcasting
  2704 | D:4      | Reached skill level 5 in Fire Magic
  2704 | D:4      | Reached XP level 6. HP: 32/32 MP: 9/15
  3318 | D:4      | Noticed Blork the orc
  3324 | D:4      | Killed Blork the orc
  3324 | D:4      | Reached skill level 6 in Spellcasting
  3334 | D:4      | Reached XP level 7. HP: 34/36 MP: 3/18
  3358 | D:4      | HP: 1/36 [something (3)]
  3509 | D:4      | Learned a level 5 spell: Fireball
  3746 | D:5      | Entered Level 5 of the Dungeon
  3906 | D:5      | Reached skill level 1 in Short Blades
  4306 | D:5      | Reached skill level 1 in Fighting
  4316 | D:5      | Noticed Menkaure
  4427 | D:5      | Killed Menkaure
  4524 | D:5      | Reached XP level 8. HP: 36/43 MP: 15/20
  4529 | D:5      | Reached skill level 7 in Spellcasting
  4693 | D:5      | Noticed Grinder
  4694 | D:5      | Noticed Eustachio
  4894 | D:5      | Killed Grinder
  4894 | D:5      | Reached skill level 5 in Conjurations
  4996 | D:5      | Killed Eustachio
  5033 | D:6      | Reached skill level 8 in Spellcasting
  5116 | D:6      | Found a staircase to the Ecumenical Temple.
  5126 | Temple   | Entered the Ecumenical Temple
  5135 | Temple   | Became a worshipper of Vehumet
  5590 | D:6      | Reached skill level 1 in Hexes
  5675 | D:6      | Reached XP level 9. HP: 18/48 MP: 16/23
  6019 | D:6      | Found a deep blue altar of Sif Muna.
  6191 | D:7      | Found a blossoming altar of Fedhas.
  6198 | D:7      | Found a sparkling altar of Nemelex Xobeh.
  6396 | D:7      | Reached skill level 9 in Spellcasting
  6528 | D:7      | Noticed Graouh's ghost (novice MiFi)
  7268 | D:7      | Mangled by Graouh's ghost

Vault maps used:
D:1:      dpeg_arrival_renting, serial_glass, glass_columns_c, glass_columns_a
D:2:      makhleb_blood_cavern_becter
D:3:      fedhas_altar_fruit_tree, okawaru_gym_becter, serial_co_window_serial,
          co_window_paths_b, co_window_cross_1, co_window_paths_a,
          co_window_corner_a, co_window_of_opportunity_a, co_window_corner_b,
          co_window_corner_b, co_window_of_opportunity_b, co_window_corner_b,
          co_window_broadway_b, co_window_broadway_a, co_window_paths_e,
          glass_columns_a, glass_columns_c, glass_columns_b, glass_columns_b,
          glass_columns_a, uniq_robin
D:4:      uniq_blork_the_orc
D:5:      serial_glass, glass_columns_c, glass_columns_a, first_bread,
          uniq_eustachio, uniq_menkaure, uniq_grinder
D:6:      led_sif_pool, temple_hall
D:7:      nemelex_xobeh_ov_fountains_minmay, basic_altar, nrook_mini_vaults,
          hex_medium
Temple:   compressed_dpeg_circular_temple

Skill      XL: |  1  2  3  4  5  6  7  8  9 |
---------------+----------------------------+-----
Spellcasting   | 4 5 6 8 9 |  9.5
Fire Magic     | 4 5 6 7 |  7.7
Stealth        | 3 4 |  4.9
Conjurations   | 2 3 4 5 6 |  6.5
Dodging        | 3 4 |  4.4
Short Blades   | 2 3 |  3.5
Fighting       | 1 |  1.7
Hexes          | 1 |  1.1

Action                   |  1- 3 |  4- 6 |  7- 9 || total
-------------------------+-------+-------+-------++-------
Melee: Unarmed           |     4 |       |       ||     4
       Spear             |     6 |       |       ||     6
       Dagger            |       |     5 |   111 ||   116
 Cast: Flame Tongue      |    62 |   141 |   146 ||   349
       Conjure Flame     |       |     4 |     9 ||    13
       Inner Flame       |       |     3 |     6 ||     9
       Sticky Flame      |       |     2 |     8 ||    10
  Use: Potion            |       |     2 |     3 ||     5
       Scroll            |       |       |     5 ||     5
 Stab: Sleeping          |       |     1 |     6 ||     7
  Eat: Chunk             |       |     8 |    11 ||    19
       Fruit             |       |       |     2 ||     2
Armor: Robe              |     7 |     8 |    28 ||    43
Dodge: Dodged            |    21 |    34 |    78 ||   133
